 Dungeon Crawl Stone Soup version 0.27-a0-1139-g28e009f8a6 (webtiles) character file.

Game seed: 2362462964435805184

402 Snikeer the Stinger (level 6, -5/32 HPs)
             Began as a Gargoyle Venom Mage on May 7, 2021.
             Was a Believer of Cheibriados.
             Slain by an ogre
             ... wielding a +0 giant club
              (25 damage)
             ... on level 4 of the Dungeon.
             The game lasted 00:12:54 (5079 turns).

Snikeer the Stinger (Gargoyle Venom Mage)           Turns: 5079, Time: 00:12:54

Health: -5/32      AC:  7    Str: 17    XL:     6   Next: 85%
Magic:  11/13      EV: 12    Int: 22    God:    Cheibriados [**....]
Gold:   260        SH:  0    Dex: 15    Spells: 5/14 levels left

rFire    . . .     SeeInvis .   r - +1 dagger (venom)
rCold    . . .     Faith    .   (no shield)
rNeg     + . .     Spirit   .   a - +0 robe
rPois    ∞         Reflect  .   (no helmet)
rElec    +         Harm     .   n - +0 cloak
rCorr    .         Rampage  .   (no gloves)
Will     .....                  (no boots)
Stlth    ++........             l - amulet of regeneration
HPRegen  1.10/turn              (no ring)
MPRegen  0.13/turn              (no ring)

@: very slow
A: sickness immunity, AC +4, negative energy resistance 1, electricity
resistance, torment resistance 1, unbreathing 1, petrification resistance
a: Renounce Religion, Bend Time


You were on level 4 of the Dungeon.
You worshipped Cheibriados.
Cheibriados was pleased with you.
You visited 1 branch of the dungeon, and saw 4 of its levels.

You collected 260 gold pieces.

Inventory:

Hand Weapons
 r - a +1 dagger of venom (weapon)
   (You took it off an orc wizard on level 3 of the Dungeon)
Missiles
 h - 24 arrows
 s - 171 stones (quivered)
 u - 14 sling bullets
 y - 4 silver javelins
Armour
 a - a +0 robe (worn)
 n - a +0 cloak (worn)
   (You found it on level 1 of the Dungeon)
Magical Staves
 q - a staff of cold {rC+}
   (You found it on level 3 of the Dungeon)
 x - a staff of fire {rF+}
   (You found it on level 4 of the Dungeon)
Jewellery
 l - an amulet of regeneration (around neck)
   (You found it on level 2 of the Dungeon)
Wands
 e - a wand of charming (9)
   (You found it on level 3 of the Dungeon)
 p - a wand of paralysis (9)
   (You found it on level 1 of the Dungeon)
Scrolls
 c - a scroll of identify {unknown}
 d - 2 scrolls of enchant weapon {unknown}
 f - 3 scrolls of amnesia {unknown}
 i - a scroll of magic mapping {unknown}
 j - a scroll of acquirement {unknown}
 m - a scroll of torment {unknown}
 o - a scroll of teleportation {unknown}
 w - a scroll of brand weapon {unknown}
Potions
 b - a potion of lignification {unknown}
 g - 5 potions of curing {unknown}
 k - a potion of haste {unknown}
 t - a potion of resistance {unknown}
 v - a potion of degeneration {unknown}
 z - a potion of heal wounds {unknown}


   Skills:
 - Level 1.5 Dodging
 - Level 2.1 Stealth
 + Level 4.8 Spellcasting
 - Level 0.7 Transmutations
 + Level 5.6 Poison Magic


You had 5 spell levels left.
You knew the following spells:

 Your Spells              Type           Power      Damage    Failure   Level
a - Sting                 Tmut/Pois      76%        1d6       2%          1
b - Poisonous Vapours     Pois/Air       34%        N/A       4%          2
c - Ignite Poison         Fire/Tmut/Pois 14%        N/A       13%         3
x - Mephitic Cloud        Conj/Pois/Air  13%        N/A       14%         3

Your spell library contained the following spells:

 Spells                   Type           Power      Damage    Failure   Level
 Olgreb's Toxic Radiance  Pois           30%        N/A       10%         4


Dungeon Overview and Level Annotations

Branches:
Dungeon (4/15)
 Temple: D:4-7

Altars:
Ashenzari
Cheibriados
Elyvilon
Qazlal
Sif Muna

Annotations:
D:4 2 runed translucent doors, exclusion: phantom


Innate Abilities, Weirdness & Mutations

You are immune to sickness and miasma.
Your stone body is resilient. (AC +4)
You are immune to poison.
You resist negative energy. (rN+)
You are resistant to electric shocks. (rElec)
You are resistant to unholy torment.
You can survive without breathing.
You are immune to petrification.


Message History

You now have 260 gold pieces (gained 12).
Found a shimmering blue altar of Sif Muna.
Health restored: 32
z - a viscous grey potion An adder skeleton comes into view.
An adder skeleton is nearby!
An adder skeleton is nearby!
An adder skeleton is nearby!
An adder skeleton is nearby!
An adder skeleton is nearby!
A kobold comes into view. It is wielding a +0 short sword.
The kobold shouts!
The adder skeleton bites you.
You take 2 damage, and have 30/32 hp.
You barely miss the adder skeleton.
The adder skeleton bites you but does no damage.
You closely miss the adder skeleton. The adder skeleton closely misses you.
Health restored: 32 You closely miss the adder skeleton.
The adder skeleton bites you but does no damage.
You barely miss the adder skeleton.
The adder skeleton bites you but does no damage.
You hit the adder skeleton. The adder skeleton bites you.
You take 1 damage, and have 31/32 hp.
You hit the adder skeleton.
The adder skeleton completely misses you.
Health restored: 32 You closely miss the adder skeleton.
The adder skeleton barely misses you.
You completely miss the kobold. You hit the kobold.
The kobold is poisoned.
The kobold closely misses you.
You hit the kobold.
Cheibriados appreciates the change of pace.
You hit the adder skeleton but do no damage.
The adder skeleton bites you.
You take 1 damage, and have 31/32 hp.
You hit the adder skeleton. The adder skeleton misses you.
Health restored: 32 You hit the adder skeleton.
The adder skeleton bites you but does no damage.
You barely miss the adder skeleton.
The adder skeleton bites you but does no damage.
You hit the adder skeleton but do no damage.
The adder skeleton misses you.
You hit the adder skeleton. The adder skeleton bites you.
You take 3 damage, and have 29/32 hp.
You hit the adder skeleton.
Cheibriados thoroughly appreciates the change of pace.
No target in view!
No target in view!
Things that are here:
a +0 short sword; a kobold corpse; Health restored: 32
Found an escape hatch in the ceiling.
There is an escape hatch in the ceiling here.
Found a runed ring mail.
You see here a +0 leather armour.
There is a stone staircase leading up here.
An endoplasm comes into view.
An endoplasm is nearby!
An endoplasm is nearby!
An adder and an endoplasm come into view.
The helpless endoplasm fails to defend itself.
You puncture the endoplasm!
Cheibriados thoroughly appreciates the change of pace.
The helpless endoplasm fails to defend itself.
You puncture the endoplasm!
Cheibriados appreciates the change of pace.
No target in view!
No target in view!
No target in view!
You hit the adder. The adder closely misses you.
The adder completely misses you.
You hit the adder.
The adder is poisoned.
The adder barely misses you.
You hit the adder.
The adder looks as sick as possible!
Cheibriados appreciates the change of pace.
No target in view!
No target in view!
You see here an adder corpse.
An ogre comes into view. It is wielding a +0 giant club.
You hit the ogre. The ogre hits you with a +0 giant club!
You take 14 damage, and have 18/32 hp.
MASSIVE DAMAGE!!
You are too injured to fight recklessly!
You are too injured to fight recklessly!
You are too injured to fight recklessly!
Casting: Sting (safe; 2% risk of failure)
Confirm with . or Enter, or press ? or * to list all spells.
Aiming: Sting (safe; 2% risk of failure)
Press: ? - help, Shift-Dir - straight line, f - ogre
Aim: an ogre, wielding a +0 giant club (lightly wounded, 88% to hit)
The sting hits the ogre but does no damage.
The ogre is poisoned.
You now have 12/13 mp.
Casting: Sting (safe; 2% risk of failure)
Confirm with . or Enter, or press ? or * to list all spells.
Aiming: Sting (safe; 2% risk of failure)
Press: ? - help, Shift-Dir - straight line, f/p - ogre
Aim: an ogre, wielding a +0 giant club (lightly wounded, poisoned, 88% to hit)
The sting hits the ogre.
The ogre looks even sicker.
The ogre hits you with a +0 giant club!!
Ouch! That really hurt!
You die...

#..# #..#.....# #
#.#.# .#.#.....# # #
..# ..#.#..>..# # #/
#.#.# #.#.....# # ..
#[###..####### # #.
#.#..# # #..
##..############ #
#...#..†...........#
#O@#.#.########.#
#......#.#.# #.#
..........#.# #.###
#######.###.# #....
#.# #.# ##### #..
..# ### ###


You could see an ogre (very poisoned).

Vanquished Creatures
  An ogre (D:4)
  A bullfrog skeleton (D:4)
  3 iguanas
  An orc wizard (D:3)
  4 gnolls (D:2)
  4 adders
  An adder skeleton (D:4)
  4 dart slugs
  13 orcs
  7 endoplasms
  2 giant cockroaches (D:1)
  9 goblins
  14 hobgoblins
  4 jackals (D:1)
  A quokka (D:1)
  6 ball pythons
  2 bats (D:1)
  3 frilled lizards
  6 kobolds
  6 rats
92 creatures vanquished.

Vanquished Creatures (others)
  7 plants (D:4)
7 creatures vanquished.

Grand Total: 99 creatures vanquished

Notes
Turn   | Place    | Note
-------+----------+-------------------------------------------
     0 | D:1      | Snikeer the Gargoyle Venom Mage began the quest for the
                  | Orb.
     0 | D:1      | Reached XP level 1. HP: 10/10 MP: 3/3
    78 | D:1      | Reached XP level 2. HP: 10/15 MP: 1/5
   596 | D:1      | Reached XP level 3. HP: 19/19 MP: 3/6
   840 | D:1      | Found a faded altar of an unknown god.
  1237 | D:1      | Reached skill level 3 in Spellcasting
  1513 | D:2      | Learned a level 2 spell: Poisonous Vapours
  1517 | D:2      | Learned a level 3 spell: Ignite Poison
  1557 | D:2      | Reached XP level 4. HP: 7/24 MP: 5/8
  1793 | D:2      | Reached skill level 4 in Poison Magic
  2962 | D:1      | Became a worshipper of Cheibriados the Contemplative
  2962 | D:1      | Reached * piety under Cheibriados
  3117 | D:3      | Reached XP level 5. HP: 28/28 MP: 5/10
  3204 | D:3      | Found a stormy altar of Qazlal.
  3372 | D:3      | Found a broken altar of Ashenzari.
  3670 | D:3      | Reached skill level 4 in Spellcasting
  4119 | D:4      | Noticed a phantom
  4126 | D:4      | Learned a level 3 spell: Mephitic Cloud
  4307 | D:4      | Found a large runed translucent door.
  4307 | D:4      | Found a large runed translucent door.
  4310 | D:4      | Noticed an ogre
  4320 | D:4      | Killed an ogre
  4321 | D:4      | Reached skill level 5 in Poison Magic
  4321 | D:4      | Reached XP level 6. HP: 13/32 MP: 8/12
  4392 | D:4      | Reached ** piety under Cheibriados
  4598 | D:4      | Found a white marble altar of Elyvilon.
  4854 | D:4      | Found a shimmering blue altar of Sif Muna.
  5079 | D:4      | Slain by an ogre

Illustrated notes

Levels and vault maps discovered:
D:1:      dpeg_arrival_tiny_j, layout_basic, hellmonk_ecumenical_altar_lost_god,
          minmay_pentomino_v2
D:2:      layout_loops_corners, serial_co_window_serial, co_window_paths_a,
          co_window_paths_b, co_window_paths_a, co_window_paths_b,
          co_window_paths_b, co_window_broadway_b, co_window_2corner,
          co_window_corner_ca, co_window_of_opportunity_b, co_window_4corner_b,
          glass_columns_c, glass_columns_a, serial_bayou_ford_a
D:3:      layout_basic, old_standard_altar, ashenzari_altar_1
D:4:      layout_loops_cross, elyvilon_altar_1, nicolae_sif_muna_condensation,
          jmf_multi_god_temple2, moated_statue, minmay_misc_feat_doors,
          minivault_24, serial_bayou_pond_c, minmay_manual_mail

Skill      XL: |  1  2  3  4  5 |
---------------+----------------+-----
Spellcasting   | 3 4 |  4.8
Poison Magic   | 4 5 |  5.6
Dodging        | |  1.5
Stealth        | |  2.1
Transmutations | |  0.7

Action                   |  1- 3 |  4- 6 || total
-------------------------+-------+-------++-------
Melee: Dagger            |    74 |   142 ||   216
       Unarmed           |     6 |       ||     6
 Cast: Sting             |    42 |    80 ||   122
 Stab: Sleeping          |       |     5 ||     5
Armor: Robe              |    40 |    39 ||    79
Dodge: Dodged            |    43 |   101 ||   144

Table legend: (Time is in decaauts)
 A = Elapsed time spent in this place.
 B = Non-inter-level travel time spent in this place.
 C = Inter-level travel time spent in this place.
 D = Time resting spent in this place.
 E = Time spent auto-exploring this place.
 F = Levels seen in this place.
 G = Mean time per level.
                   A        B        C        D        E       F      G
               +--------+--------+--------+--------+--------+-----+--------+
         Total |   5766 |   5209 |    557 |      9 |   4425 |   4 | 1441.5 |
       Dungeon |   5766 |   5209 |    557 |      9 |   4425 |   4 | 1441.5 |
               +--------+--------+--------+--------+--------+-----+--------+

Top non-repeatable levels by time:
     D:1: 1549 daAuts
     D:2: 1518 daAuts
     D:3: 1400 daAuts
     D:4: 1298 daAuts

Table legend:
 A = Kills in this place as a percentage of kills in entire the game.
 B = Kills by you in this place as a percentage of kills by you in the entire game.
 C = Kills by friends in this place as a percentage of kills by friends in the entire game.
 D = Other kills in this place as a percentage of other kills in the entire game.
 E = Experience gained in this place as a percentage of experience gained in the entire game.
 F = Experience gained in this place divided by the number of levels of this place that you have seen.
                   A       B       C       D       E      F
               +-------+-------+-------+-------+-------+----------------------
         Total | 100.0 | 100.0 |   N/A |   N/A | 100.0 | 143.8
       Dungeon | 100.0 | 100.0 |   N/A |   N/A | 100.0 | 143.8
               +-------+-------+-------+-------+-------+----------------------
